 Dungeon Crawl Stone Soup version 0.22-a0-352-gc608dd7fdd (webtiles) character file.

5954 Kriby the Thaumaturge (level 10, -8/56 HPs)
             Began as a Mummy Necromancer on Apr 14, 2018.
             Was an Elder of Hepliaklqana.
             Mangled by Snorg (10 damage)
             ... on level 10 of the Dungeon.
             The game lasted 00:22:25 (11978 turns).

Kriby the Thaumaturge (Mummy Necromancer)          Turns: 11978, Time: 00:22:26

Health: -8/56      AC: 13    Str: 12    XL:     10   Next: 54%
Magic:  12/28      EV: 10    Int: 29    God:    Hepliaklqana [****..]
Gold:   576        SH:  0    Dex: 11    Spells: 25/37 levels left

rFire    x . .     SeeInvis .   h - +7 mace "Fyffin" {vamp, rElec Int+10 Dex-2 Stlth+}
rCold    + . .     Gourm    .   (no shield)
rNeg     + + +     Faith    .   t - +3 ring mail
rPois    ∞         Spirit   .   u - +1 helmet
rElec    +         Reflect  .   e - +2 cloak
rCorr    +         Harm     .   (no gloves)
MR       +....                  (no boots)
Stlth    ++........             (no amulet)
HPRegen  0.18/turn              m - +2 ring of intelligence
MPRegen  0.21/turn              k - ring of resist corrosion

@: studying Stealth
A: no food or potions, fire vulnerability, reduced essence, cold resistance 1,
negative energy resistance 3, torment resistance, unbreathing
a: Recall Ancestor, Ancestor Identity, Transference, Idealise, Renounce Religion


You were on level 10 of the Dungeon.
You worshipped Hepliaklqana.
Hepliaklqana was greatly pleased with you.
You were not hungry.

You visited 1 branch of the dungeon, and saw 10 of its levels.
You also visited: Ossuary.

You collected 576 gold pieces.

Inventory:

Hand Weapons
 h - the +7 mace "Fyffin" (weapon) {vamp, rElec Int+10 Dex-2 Stlth+}
   (You found it on level 5 of the Dungeon)

   It inflicts no extra harm, but heals its wielder when it wounds a living foe.
   It affects your intelligence (+10).
   It affects your dexterity (-2).
   It insulates you from electricity.
   It makes you more stealthy.
 r - a +2 whip of electrocution
Armour
 e - a +2 cloak (worn)
 t - a +3 ring mail (worn)
 u - a +1 helmet (worn)
Jewellery
 k - a ring of resist corrosion (right hand)
 m - a +2 ring of intelligence (left hand)
 n - an uncursed ring of fire
 p - an uncursed ring of loudness
 q - a +3 ring of strength
Wands
 c - a wand of paralysis (10)
 o - a wand of acid (10)
 s - a wand of random effects (37)
 v - a wand of digging (22)
 w - a wand of polymorph (17)
 y - a wand of flame (41)
Scrolls
 a - a scroll of torment {unknown}
 b - 9 scrolls of remove curse
 d - 2 scrolls of teleportation
 f - 2 scrolls of identify
 g - 2 scrolls of fog
 i - 4 scrolls of noise
 j - 2 scrolls of enchant armour
 l - 2 scrolls of immolation
 z - a scroll of amnesia
 A - a scroll of vulnerability {unknown}
 B - a scroll of enchant weapon
Books
 x - a manual of Stealth


   Skills:
 - Level 1.6 Dodging
 - Level 1.6 Stealth
 + Level 14.4 Spellcasting
 + Level 10.0 Necromancy
 * Level 2.9 Poison Magic


You had 25 spell levels left.
You knew the following spells:

 Your Spells              Type           Power        Failure   Level  Hunger
a - Pain                  Necr           ####         1%          1    N/A
b - Animate Dead          Necr           N/A          1%          4    N/A
c - Olgreb's Toxic Radia  Pois           #####...     16%         4    N/A
d - Vampiric Draining     Necr           ######....   1%          3    N/A

Dungeon Overview and Level Annotations

Branches:
Dungeon (10/15)            Temple (0/1) D:5             Orc (0/2) D:9
   Lair: D:8-11

Altars:
Dithmenos
Fedhas
Gozag
Hepliaklqana
Okawaru
Qazlal
Ru
Sif Muna
Trog
Uskayaw
Vehumet
Yredelemnul
The Shining One

Annotations:
D:8 1 runed door
D:10 Snorg


Innate Abilities, Weirdness & Mutations

You do not eat or drink.
Your flesh is vulnerable to fire.
You are immune to poison.
Your flesh is cold resistant. (rC+)
You are immune to negative energy. (rN+++)
You are immune to unholy pain and torment.
You can survive without breathing.
Your life essence is reduced to manifest your ancestor. (-10% HP)


Message History

Demise is destroyed!
Snorg barely misses you. Snorg claws you!
* * * LOW HITPOINT WARNING * * *
Snorg claws you but does no damage.
Okay, then.
You can't drink.
Okay, then.
Evoke which item? (* to show all) (? for menu, Esc to quit)
Aiming: Paralyse
Press: ? - help, Shift-Dir - straight line, f/p - Snorg
Aim: Snorg (severely wounded, berserk, fast, unusually strong, lightly drained, chance to defeat MR: 20%)
Okay, then.
Evoke which item? (* to show all) (? for menu, Esc to quit)
Aiming: Corrosive Bolt
Press: ? - help, Shift-Dir - straight line, f/p - Snorg
Aim: Snorg (severely wounded, berserk, fast, unusually strong, lightly drained)
The bolt of acid hits Snorg.
Snorg is splashed with acid.
Snorg is almost dead.
Snorg bites you but does no damage. Snorg claws you!
You die...

#.#...#
#.....#
#.....#
#.###.#
#.# #.#
#.# #.#
#.# #.#
+.# #.#
#@###.#
##+#T....#
#........#
#........#
#....)...#
#........#
#........#
#........#
#........#


You could see Snorg (berserk).

Vanquished Creatures
  Prince Ribbit (D:7)
  Sigmund (D:3)
  A spriggan (D:7)
  Eustachio (D:6)
  Edmund (D:5)
  A water moccasin (D:9)
  An ice beast (D:9)
  3 orc warriors
  2 ogres
  2 centaurs
  A big kobold (D:9)
  6 bullfrogs
  4 water moccasin zombies
  2 scorpions
  10 killer bees
  A water moccasin skeleton (D:5)
  A wight (D:9)
  2 orc priests (D:9)
  A bullfrog zombie (D:8)
  4 hounds
  2 jellies
  A gnoll shaman (D:6)
  A bullfrog skeleton (D:7)
  A hexer (D:8)
  8 orc wizards
  An iguana (D:4)
  8 worker ants
  A hound zombie (D:9)
  A hound skeleton (D:6)
  2 mummies (Ossuary)
  10 gnolls
  11 adders
  4 adder zombies
  3 worms
  2 leopard geckos
  23 orcs
  8 giant cockroaches
  2 gnoll zombies (Ossuary)
  6 goblins (D:3)
  8 hobgoblins
  4 jackals
  2 quokkas
  3 ball pythons
  6 bats
  5 frilled lizards
  A goblin skeleton (D:9)
  3 goblin zombies (D:9)
  5 hobgoblin zombies
  16 kobolds
  A kobold skeleton (D:9)
  2 kobold zombies (Ossuary)
  A leopard gecko skeleton (D:6)
  A leopard gecko zombie (D:5)
  5 orc zombies (Ossuary)
  3 rats
207 creatures vanquished.

Vanquished Creatures (collateral kills)
  A two-headed ogre (D:6)
  2 sky beasts
  A black bear (D:9)
  A phantom (D:8)
  An orc warrior (D:9)
  An ice beast (D:6)
  3 ogres
  A gnoll sergeant (D:8)
  A bullfrog (D:7)
  A water moccasin zombie (Ossuary)
  A scorpion (D:5)
  A killer bee (D:9)
  2 wights (D:9)
  A crimson imp (D:5)
  A centaur skeleton (D:7)
  A hound (D:6)
  An orc wizard (D:7)
  2 worker ants
  A killer bee zombie (D:9)
  Robin (D:3)
  2 adders
  2 gnolls
  2 shadow imps
  2 adder skeletons
  5 adder zombies (Ossuary)
  7 orcs
  A goblin (D:3)
  A hobgoblin (D:3)
  2 kobolds (D:9)
  3 hobgoblin zombies
  2 kobold zombies (Ossuary)
  An orc skeleton (D:9)
  An orc zombie (Ossuary)
  2 butterflies (D:8)
58 creatures vanquished.

Vanquished Creatures (others)
  A swamp drake (D:9)
  3 hexers
  2 ancestors
6 creatures vanquished.

Grand Total: 271 creatures vanquished

Notes
Turn   | Place    | Note
-------+----------+-------------------------------------------
     0 | D:1      | Kriby the Mummy Necromancer began the quest for the Orb.
     0 | D:1      | Reached XP level 1. HP: 13/13 MP: 4/4
   178 | D:1      | Reached skill level 3 in Spellcasting
   178 | D:1      | Reached XP level 2. HP: 7/19 MP: 0/6
  1076 | D:1      | Reached XP level 3. HP: 24/24 MP: 6/8
  1336 | D:2      | Reached skill level 4 in Spellcasting
  1884 | D:2      | Reached XP level 4. HP: 30/30 MP: 2/10
  2143 | D:2      | Found a basalt altar of Yredelemnul.
  2146 | D:2      | Found a sacrificial altar of Ru.
  2149 | D:2      | Found a hazy altar of Hepliaklqana.
  2150 | D:2      | Found a stormy altar of Qazlal.
  2165 | D:2      | Became a worshipper of Hepliaklqana the Forgotten
  2270 | D:3      | Learned a level 4 spell: Animate Dead
  2386 | D:3      | Noticed Sigmund
  2395 | D:3      | Killed Sigmund
  2395 | D:3      | Reached skill level 6 in Spellcasting
  2395 | D:3      | Reached skill level 5 in Necromancy
  2395 | D:3      | Reached XP level 5. HP: 26/31 MP: 4/13
  2631 | D:3      | Noticed Robin
  2642 | D:3      | Killed Robin
  2790 | D:3      | Reached XP level 6. HP: 36/36 MP: 12/15
  3026 | D:4      | Found an iron altar of Okawaru.
  3142 | D:4      | Found a sand-covered staircase.
  3148 | Ossuary  | Entered an ossuary
  3184 | Ossuary  | Reached skill level 7 in Spellcasting
  3277 | Ossuary  | Reached XP level 7. HP: 38/41 MP: 18/18
  3535 | Ossuary  | Reached skill level 8 in Spellcasting
  3819 | D:4      | Reached * piety under Hepliaklqana
  4245 | D:4      | Found a hide-covered altar of Uskayaw.
  4252 | D:4      | Reached skill level 9 in Spellcasting
  4417 | D:5      | Entered Level 5 of the Dungeon
  4473 | D:5      | Found a deep blue altar of Sif Muna.
  4908 | D:5      | Found a staircase to the Ecumenical Temple.
  5064 | D:5      | Noticed Edmund
  5074 | D:5      | Killed Edmund
  5074 | D:5      | Reached XP level 8. HP: 41/46 MP: 12/21
  5222 | D:5      | Found a shadowy altar of Dithmenos.
  5271 | D:5      | Got a smoking mace
  5272 | D:5      | Identified the +7 mace "Fyffin" {vamp, rElec Int+10 Dex-2 Stlth+} (You found it on level 5 of the Dungeon)
  5411 | D:5      | Reached ** piety under Hepliaklqana
  5415 | D:5      | Remembered your ancestor Demise as a hexer
  5677 | D:6      | Reached skill level 10 in Spellcasting
  5735 | D:6      | Noticed a two-headed ogre
  5811 | D:6      | Killed a two-headed ogre
  5811 | D:6      | Reached skill level 11 in Spellcasting
  6693 | D:6      | Reached XP level 9. HP: 48/51 MP: 24/24
  6734 | D:6      | Noticed Eustachio
  6739 | D:6      | Killed Eustachio
  6875 | D:6      | Reached skill level 12 in Spellcasting
  7964 | D:7      | Noticed Prince Ribbit
  7974 | D:7      | Killed Prince Ribbit
  8139 | D:7      | Found a glowing golden altar of the Shining One.
  8139 | D:7      | Found a blossoming altar of Fedhas.
  8319 | D:7      | Reached skill level 13 in Spellcasting
  8338 | D:7      | Found a bloodstained altar of Trog.
  8343 | D:7      | Reached *** piety under Hepliaklqana
  8676 | D:8      | Found a radiant altar of Vehumet.
  9373 | D:8      | Reached **** piety under Hepliaklqana
  9486 | D:8      | Found a runed door.
  9534 | D:8      | Found a runed door.
  9716 | D:8      | Reached XP level 10. HP: 56/56 MP: 22/27
 10062 | D:9      | Reached skill level 14 in Spellcasting
 10298 | D:9      | Found a glowing golden altar of the Shining One.
 10474 | D:9      | Learned a level 4 spell: Olgreb's Toxic Radiance
 10545 | D:9      | Found an opulent altar of Gozag.
 10582 | D:9      | Learned a level 3 spell: Vampiric Draining
 10763 | D:9      | Reached ***** piety under Hepliaklqana
 10802 | D:9      | Reached skill level 1 in Poison Magic
 11325 | D:9      | Found a staircase to the Orcish Mines.
 11734 | D:10     | Entered Level 10 of the Dungeon
 11940 | D:10     | Reached skill level 10 in Necromancy
 11960 | D:10     | Noticed Snorg
 11977 | D:10     | HP: 2/56 [Snorg (11)]
 11978 | D:10     | Mangled by Snorg

Vault maps used:
D:1:      dpeg_arrival_brainrot
D:2:      minitemple, serial_glass, glass_columns_a, glass_columns_a,
          serial_park_tiny_pond, hex_large, grunt_ministairs_1
D:3:      uniq_sigmund, uniq_robin
D:4:      eat_drink_and_be_merry_uskayaw, lemuel_doored_altar,
          nicolae_ossuary_entry_plus, kennysheep_minor_cross
D:5:      lemuel_crystal_altar, minmay_temple_entry_statues_fountains,
          first_ration, nicolae_dithmenos_shadow_blocks, uniq_edmund
D:6:      uniq_eustachio
D:7:      kennysheep_mini_moat, gammafunk_temple_overflow_elements, the_bakery,
          uniq_prince_ribbit1
D:8:      lemuel_insect_pit, vehumet_altar_wand_db
D:9:      lemuel_crystal_altar, erik_orc_1, nicolae_tso_besieged_by_evil
D:10:     basic_altar, uniq_snorg, uniq_urug
Ossuary:  ossuary_tomb_2

Skill      XL: |  1  2  3  4  5  6  7  8  9 10 |
---------------+-------------------------------+-----
Spellcasting   | 3 4 6 7 9 11 13 14 | 14.4
Necromancy     | 5 6 7 9 10 | 10.0
Poison Magic   | 2 |  2.9
Dodging        | |  1.6
Stealth        | |  1.6

Action                   |  1- 3 |  4- 6 |  7- 9 | 10-12 || total
-------------------------+-------+-------+-------+-------++-------
Melee: Unarmed           |     6 |       |       |       ||     6
       Short sword       |       |    16 |       |       ||    16
       Whip              |       |    53 |    66 |       ||   119
       Mace              |       |       |    77 |    34 ||   111
 Cast: Pain              |    65 |    75 |   214 |   150 ||   504
       Animate Dead      |       |       |    22 |    15 ||    37
       Vampiric Draining |       |       |       |    11 ||    11
Invok: Ancestor Identity |       |     1 |       |       ||     1
       Recall Ancestor   |       |     1 |     2 |     1 ||     4
       Ancestor Life: He |       |       |     1 |       ||     1
       Idealise          |       |       |       |     1 ||     1
Evoke: Wand              |       |       |     5 |     5 ||    10
  Use: Scroll            |       |     9 |     9 |       ||    18
 Stab: Distracted        |       |       |       |     1 ||     1
       Confused          |       |       |       |     1 ||     1
Armor: Robe              |     2 |       |       |       ||     2
       Ring mail         |     5 |    38 |   112 |    66 ||   221
Dodge: Dodged            |    16 |    45 |   103 |    72 ||   236

Table legend:
 A = Spawn XP
 B = Non-spawn XP
 C = Spawn XP percentage of total XP
 D = Spawn monster count
 E = Non-spawn monster count
 F = Spawn count percentage of total count
 G = Total turns spent on level
                    A         B        C        D         E        F      G
               +---------+---------+-------+---------+---------+-------+---------
         Total |       0 |    8507 |   0.0 |       0 |     263 |   0.0 | 11978
               +---------+---------+-------+---------+---------+-------+---------
           D:1 |       0 |      41 |   0.0 |       0 |      18 |   0.0 |  1306
           D:2 |       0 |      64 |   0.0 |       0 |      16 |   0.0 |   888
           D:3 |       0 |     321 |   0.0 |       0 |      28 |   0.0 |  1006
           D:4 |       0 |     377 |   0.0 |       0 |      11 |   0.0 |   795
           D:5 |       0 |     459 |   0.0 |       0 |      15 |   0.0 |  1387
           D:6 |       0 |    1831 |   0.0 |       0 |      21 |   0.0 |  1466
           D:7 |       0 |    1178 |   0.0 |       0 |      27 |   0.0 |  1379
           D:8 |       0 |    1097 |   0.0 |       0 |      28 |   0.0 |  1178
           D:9 |       0 |    2462 |   0.0 |       0 |      65 |   0.0 |  1907
          D:10 |       0 |     265 |   0.0 |       0 |       4 |   0.0 |   244
       Ossuary |       0 |     412 |   0.0 |       0 |      30 |   0.0 |   422
               +---------+---------+-------+---------+---------+-------+---------
